 Dungeon Crawl Stone Soup version 0.22.1 (webtiles) character file.

13627 WiggleWoom the Grappler (level 11, -2/101 HPs)
             Began as a Troll Wizard on Sept 19, 2018.
             Was an Initiate of Sif Muna.
             Impaled on a porcupine's spines (13 damage)
             ... on level 1 of the Lair of Beasts on Sept 20, 2018.
             The game lasted 01:11:33 (12725 turns).

WiggleWoom the Grappler (Troll Wizard)             Turns: 12725, Time: 01:11:34

Health: -2/101     AC: 11    Str: 30      XL:     11   Next: 78%
Magic:  15/15      EV:  8    Int: 17      God:    Sif Muna [......]
Gold:   324        SH: 15    Dex:  5 (8)  Spells: 11/17 levels left

rFire    . . .     SeeInvis .   V - +2 mace "Cuskiuxt" {vamp, rC- rN+++ MR+ Str+4} (curse)
rCold    x . .     Gourm    +   M - +2 shield
rNeg     + + +     Faith    .   N - +0 steam dragon scales
rPois    .         Spirit   .   b - +2 hat
rElec    .         Reflect  +   O - +0 cloak
rCorr    .         Harm     .   (gloves unavailable)
MR       ++...                  (boots unavailable)
Stlth    ++........             m - amulet of Xom's Best Wishes {Reflect MR+ Str+7 SH+3}
HPRegen  1.06/turn              U - ring of wizardry
MPRegen  0.14/turn              s - ring of stealth

@: lethally poisoned (-2 -> -2)
A: large, unfitting armour, claws 3, fast metabolism 3, gourmand, regeneration
2, shaggy fur 1, strong 1, tough skin 2
a: Renounce Religion


You were on level 1 of the Lair of Beasts.
You worshipped Sif Muna.
Sif Muna was noncommittal.
You were not hungry.

You visited 3 branches of the dungeon, and saw 13 of its levels.

You collected 630 gold pieces.
You spent 306 gold pieces at shops.

Inventory:

Hand Weapons
 V - the cursed +2 mace "Cuskiuxt" (weapon) {vamp, rC- rN+++ MR+ Str+4}
   (You bought it in a shop on level 10 of the Dungeon)

   It inflicts no extra harm, but heals its wielder when it wounds a living foe.
   It affects your strength (+4).
   It makes you vulnerable to cold.
   It renders you almost immune to negative energy.
   It affects your resistance to hostile enchantments.
   It has a curse placed upon it.
Missiles
 u - 11 tomahawks
 D - 325 arrows
 J - 3 javelins of penetration (quivered)
Armour
 a - a +0 robe
 b - a +2 hat (worn)
 c - a scarf of spirit shield
 k - a +2 large shield of fire resistance
 M - a +2 shield (worn)
 N - +0 steam dragon scales (worn)
 O - a +0 cloak (worn)
Jewellery
 h - a +1 ring of evasion
 m - the amulet of Xom's Best Wishes (around neck) {Reflect MR+ Str+7 SH+3}
   (You found it on level 7 of the Dungeon)

   [amulet of reflection]

   It shields you and reflects attacks.
   It affects your strength (+7).
   It affects your resistance to hostile enchantments.
   It affects your SH (+3).
 s - a ring of stealth (right claw)
 y - an uncursed ring of protection from fire
 A - a cursed ring of attention {unknown}
 C - an uncursed ring of ice
 H - an uncursed ring of see invisible
 K - an uncursed ring of ice
 U - a ring of wizardry (left claw)
Wands
 e - a wand of digging (4)
 r - a wand of acid (2)
 t - a wand of polymorph (40)
 w - a wand of random effects (25)
 E - a wand of paralysis (7)
 F - a wand of iceblast (15)
 I - a wand of disintegration (27)
Scrolls
 j - 4 scrolls of amnesia
 p - 11 scrolls of teleportation
 v - 5 scrolls of enchant weapon
 x - 2 scrolls of fear
 B - 3 scrolls of magic mapping
 G - 3 scrolls of blinking
Potions
 f - 2 potions of brilliance
 g - a potion of agility
 i - 2 potions of ambrosia {unknown}
 l - 2 potions of heal wounds
 n - 3 potions of flight
 o - 4 potions of curing
 q - a potion of berserk rage
 z - 2 potions of lignification
 S - a potion of resistance {unknown}
 T - a potion of haste {unknown}
Miscellaneous
 L - a box of beasts
Comestibles
 d - 12 rations


   Skills:
 + Level 4.3 Fighting
 * Level 4.4 Maces & Flails
 - Level 1.6 Throwing
 + Level 3.4 Armour
 - Level 1.5 Dodging
 - Level 1.0 Stealth
 - Level 6.3 Shields
 - Level 12.7 Unarmed Combat
 - Level 3.7 Spellcasting
 * Level 1.7 Conjurations
   Level 0.6 Summonings
 - Level 3.6 Translocations
 * Level 1.4 Fire Magic
 - Level 0.1 Evocations


You had 11 spell levels left.
You knew the following spells:

 Your Spells              Type           Power        Failure   Level  Hunger
a - Magic Dart            Conj           #...         6%          1    None
b - Blink                 Tloc           N/A          4%          2    ##.....
c - Conjure Flame         Conj/Fire      #.......     17%         3    ###....

Your spell library contained the following spells:

 Spells                   Type           Power        Failure   Level  Hunger
 Searing Ray              Conj           #.....       9%          2    ##.....
 Call Imp                 Summ           #.......     13%         2    ##.....
 Slow                     Hex            #.......     16%         2    ##.....
 Dazzling Spray           Conj/Hex       #.....       24%         3    ###....
 Mephitic Cloud           Conj/Pois/Air  #.......     26%         3    ###....
 Force Lance              Conj/Tloc      ##......     34%         4    ####...
 Iskenderun's Mystic Bla  Conj           #.......     45%         4    ####...
 Fulminant Prism          Conj/Hex       #.........   58%         4    ####...


Dungeon Overview and Level Annotations

Branches:
Dungeon (11/15)            Temple (1/1) D:5            Lair (1/6) D:9
    Orc: D:9-12

Altars:
Ashenzari
Cheibriados
Dithmenos
Elyvilon
Fedhas
Gozag
Hepliaklqana
Kikubaaqudgha
Makhleb
Nemelex Xobeh
Okawaru
Qazlal
Ru
Sif Muna
Trog
Uskayaw
Vehumet
Wu Jian
Xom
Yredelemnul
Zin
The Shining One

Shops:
D:8 :   D:10 *(}[[

Annotations:
D:3 exclusion: 2 downstairs
D:4 Grinder
D:5 exclusion: downstairs
D:6 exclusion: 2 downstairs
D:7 exclusion: 3 killer bees
D:9 2 exclusions


Innate Abilities, Weirdness & Mutations

You are too large for most types of armour.
You have claws for hands.
Your metabolism is lightning-fast.
You like to eat raw meat.
You heal very quickly.
You are covered in fur. (AC +1)
You have very tough skin. (AC +2)
Your muscles are strong. (Str +2)


Message History

The spiny frog stings you but does no damage.
You block the spiny frog's attack.
You barely miss the spiny frog.
The spiny frog is severely wounded.
You feel sick. The spiny frog stings you!
* * * LOW HITPOINT WARNING * * *
You sock the spiny frog!
You kill the spiny frog!
Sif Muna accepts your kill.
You hit the porcupine.
You feel better.
The porcupine is heavily wounded.
You feel sick. You block the porcupine's attack.
The porcupine closely misses you.
You are struck by the porcupine's spines.
* * * LOW HITPOINT WARNING * * *
You hit the porcupine but do no damage.
The porcupine is heavily wounded.
You feel sick. You block the porcupine's attack.
You are struck by the porcupine's spines.
You die...

##.P######## #.......#
#..........# ........#
#..........# ........#
###..........# %.%.....#
##.'..........# .P......#
#P.#..........# .%%.....#
##..#..<.......#
........###..#...........'
........r@....#..........#
#.......#######..........#
#..)....# ##+######.##
####+#.## ### ##


You could see a porcupine.

Vanquished Creatures
  A two-headed ogre (D:8)
  Nergalle (Lair:1)
  An unseen horror (D:10)
  A manticore (D:9)
  A centaur zombie (D:10)
  A spiny frog (Lair:1)
  A centaur skeleton (D:11)
  2 trolls
  A hippogriff (D:9)
  A tarantella (shapeshifter) (D:7)
  A wyvern (D:11)
  9 yaks
  A basilisk (D:9)
  2 steam dragons
  Menkaure (D:7)
  2 hungry ghosts
  2 wargs (D:9)
  3 water moccasins
  2 porcupines (Lair:1)
  Duvessa (D:7)
  5 sky beasts
  A phantom (D:9)
  6 orc warriors
  A necrophage (D:9)
  8 ogres
  11 centaurs
  A crocodile (Lair:1)
  A big kobold (D:7)
  4 bullfrogs
  A wyvern zombie (D:11)
  Dowan (D:6)
  A wyvern skeleton (D:9)
  3 scorpions
  13 killer bees
  11 wights
  A howler monkey (D:6)
  4 quasits
  6 crimson imps
  3 jellies
  A bullfrog zombie (D:3)
  8 hounds
  7 orc priests
  A bullfrog skeleton (D:3)
  17 orc wizards
  Crazy Yiuf (D:7)
  Jessica (D:8)
  7 worker ants
  4 iguanas
  A hound zombie (D:9)
  2 gnolls (D:3)
  12 adders
  2 shadow imps
  2 oozes
  2 adder zombies
  An adder skeleton (D:5)
  5 worms
  A dart slug (D:1)
  15 leopard geckos
  57 orcs
  9 giant cockroaches
  5 goblins
  8 hobgoblins
  7 jackals
  7 quokkas
  4 bats
  10 frilled lizards
  A giant cockroach zombie (D:5)
  17 kobolds
  2 leopard gecko skeletons
  A quokka skeleton (D:4)
  2 quokka zombies
  5 rats
342 creatures vanquished.

Vanquished Creatures (others)
  A hungry ghost (D:11)
  2 centaurs (D:11)
  A plant (D:4)
4 creatures vanquished.

Grand Total: 346 creatures vanquished

Notes
Turn   | Place    | Note
-------+----------+-------------------------------------------
     0 | D:1      | WiggleWoom the Troll Wizard began the quest for the Orb.
     0 | D:1      | Reached XP level 1. HP: 16/16 MP: 2/2
   323 | D:1      | Reached XP level 2. HP: 24/24 MP: 4/4
   586 | D:1      | Learned a level 2 spell: Blink
   886 | D:2      | Found a glowing golden altar of the Shining One.
   971 | D:2      | Reached XP level 3. HP: 32/32 MP: 5/5
  1047 | D:2      | Found an opulent altar of Gozag.
  1110 | D:2      | Reached skill level 1 in Unarmed Combat
  1313 | D:2      | Reached skill level 1 in Translocations
  1378 | D:3      | Reached XP level 4. HP: 40/40 MP: 7/7
  1383 | D:3      | Reached skill level 2 in Unarmed Combat
  1496 | D:3      | Found a shattered altar of Ashenzari.
  1748 | D:3      | Found a faded altar of an unknown god.
  1800 | D:3      | Found a sparkling altar of Nemelex Xobeh.
  1855 | D:3      | Reached XP level 5. HP: 34/46 MP: 5/8
  1939 | D:3      | Reached skill level 1 in Fighting
  1939 | D:3      | Reached skill level 3 in Unarmed Combat
  2465 | D:4      | Reached XP level 6. HP: 52/55 MP: 6/9
  2505 | D:4      | Noticed Grinder
  2598 | D:3      | Reached skill level 4 in Unarmed Combat
  2760 | D:4      | Learned a level 3 spell: Conjure Flame
  3176 | D:4      | Reached skill level 1 in Throwing
  3204 | D:4      | Reached XP level 7. HP: 58/62 MP: 8/10
  3490 | D:5      | Entered Level 5 of the Dungeon
  3560 | D:5      | Reached skill level 5 in Unarmed Combat
  3808 | D:5      | Reached skill level 6 in Unarmed Combat
  3869 | D:5      | Reached XP level 8. HP: 54/71 MP: 9/12
  3972 | D:5      | Found a staircase to the Ecumenical Temple.
  3990 | Temple   | Entered the Ecumenical Temple
  4098 | Temple   | Became a worshipper of Elyvilon the Healer
  4371 | D:5      | Found a snail-covered altar of Cheibriados.
  4413 | D:5      | Found a glowing silver altar of Zin.
  4458 | D:5      | Reached * piety under Elyvilon
  4869 | D:6      | Reached skill level 7 in Unarmed Combat
  5529 | D:6      | Reached ** piety under Elyvilon
  5778 | D:7      | Noticed Duvessa
  5778 | D:7      | Noticed Dowan
  5790 | D:7      | Killed Duvessa
  5790 | D:7      | Reached skill level 1 in Shields
  5790 | D:7      | Reached skill level 8 in Unarmed Combat
  5802 | D:6      | Killed Dowan
  6178 | D:7      | Reached XP level 9. HP: 39/79 MP: 5/13
  6513 | D:7      | Gained mutation: You are somewhat resistant to further
                  | mutation. [potion of mutation]
  6514 | D:7      | Lost mutation: You are somewhat resistant to further
                  | mutation. [potion of mutation]
  6514 | D:7      | Gained mutation: You have a pair of small horns on your
                  | head. [potion of mutation]
  6514 | D:7      | Gained mutation: You tend to lose your temper in combat.
                  | [potion of mutation]
  6514 | D:7      | Gained mutation: You heal very quickly. [potion of
                  | mutation]
  6593 | D:7      | Found a runed door.
  6679 | D:7      | Reached skill level 9 in Unarmed Combat
  6761 | D:7      | Noticed Menkaure
  6767 | D:7      | Killed Menkaure
  6957 | D:7      | Noticed a seven-headed hydra
  6959 | D:7      | Noticed an orb spider
  6971 | D:7      | Noticed a meliai
  7373 | D:7      | Got a faintly glowing bone amulet
  7445 | D:7      | Noticed Crazy Yiuf
  7449 | D:7      | Killed Crazy Yiuf
  7466 | D:7      | Lost mutation: You heal very quickly. [potion of mutation]
  7466 | D:7      | Lost mutation: You have a pair of small horns on your head.
                  | [potion of mutation]
  7466 | D:7      | Lost mutation: You tend to lose your temper in combat.
                  | [potion of mutation]
  7466 | D:7      | Gained mutation: You have large cloven feet. [potion of
                  | mutation]
  7466 | D:7      | Gained mutation: You have a pair of small horns on your
                  | head. [potion of mutation]
  7583 | D:8      | Identified the amulet of Xom's Best Wishes {Reflect MR+
                  | Str+7 SH+3} (You found it on level 7 of the Dungeon)
  7593 | D:8      | Reached skill level 10 in Unarmed Combat
  7891 | D:8      | Noticed a two-headed ogre
  8093 | D:8      | Reached XP level 10. HP: 87/91 MP: 14/14
  8156 | D:8      | Noticed Jessica
  8167 | D:8      | Killed Jessica
  8167 | D:8      | Reached skill level 11 in Unarmed Combat
  8170 | D:8      | Lost mutation: You have a pair of small horns on your head.
                  | [potion of mutation]
  8170 | D:8      | Lost mutation: You have large cloven feet. [potion of
                  | mutation]
  8170 | D:8      | Gained mutation: Your muscles are strong. (Str +2) [potion
                  | of mutation]
  8170 | D:8      | Gained mutation: You heal very quickly. [potion of
                  | mutation]
  8180 | D:8      | Found a deep blue altar of Sif Muna.
  8282 | D:8      | Found Emudig's Book Shop.
  8332 | D:8      | Killed a two-headed ogre
  8332 | D:8      | Reached skill level 1 in Armour
  8717 | D:9      | Noticed a manticore
  8725 | D:9      | Killed a manticore
  8854 | D:8      | Reached skill level 5 in Shields
  8916 | D:9      | Reached *** piety under Elyvilon
  8935 | D:9      | Found a staircase to the Lair.
  8960 | D:9      | Reached skill level 12 in Unarmed Combat
  9123 | D:9      | Found a sacrificial altar of Ru.
  9291 | D:9      | Reached XP level 11. HP: 88/97 MP: 15/15
  9982 | D:10     | Entered Level 10 of the Dungeon
 10087 | D:10     | Found Cuesa's Armour Boutique.
 10340 | D:10     | Found Dajeryn's Armour Boutique.
 10444 | D:10     | Found Neliott's Assorted Antiques.
 10451 | D:10     | Killed an unseen horror
 10457 | D:10     | Bought a glowing glass ring for 90 gold pieces
 10512 | D:10     | Found Temaull's Gadget Shoppe.
 10524 | D:10     | Found Erileith's Antique Weapon Emporium.
 10529 | D:10     | Bought an ivory mace for 216 gold pieces
 10529 | D:10     | Identified the cursed +2 mace "Cuskiuxt" {vamp, rC- rN+++
                  | MR+ Str+4} (You bought it in a shop on level 10 of the
                  | Dungeon)
 10534 | D:10     | Identified a scroll of acquirement
 10687 | D:11     | Reached **** piety under Elyvilon
 10836 | D:6      | Was placed under penance by Elyvilon
 11165 | D:8      | Fell from the grace of Elyvilon
 11165 | D:8      | Became a worshipper of Sif Muna the Loreminder
 11363 | D:11     | Reached skill level 1 in Maces & Flails
 11363 | D:11     | Reached skill level 1 in Conjurations
 11871 | D:11     | Reached skill level 1 in Fire Magic
 12301 | Lair:1   | Entered Level 1 of the Lair of Beasts
 12520 | Lair:1   | Noticed Nergalle
 12541 | Lair:1   | Noticed a spectral orc warlord
 12547 | Lair:1   | Killed Nergalle
 12725 | Lair:1   | Impaled on a porcupine's spines

Skill      XL: |  1  2  3  4  5  6  7  8  9 10 11 |
---------------+----------------------------------+-----
Unarmed Combat | 1 2 3 4 6 8 10 12 | 12.7
Translocations | 1 2 3 |  3.6
Fighting       | 1 2 3 4 |  4.3
Spellcasting   | 3 |  3.7
Throwing       | 1 |  1.6
Shields        | 2 3 5 6 |  6.3
Armour         | 2 3 |  3.4
Maces & Flails | 4 |  4.4
Conjurations   | 1 |  1.7
Fire Magic     | 1 |  1.4
Dodging        | |  1.5
Stealth        | |  1.0
Summonings     | |  0.6
Evocations     | |  0.1

Action                   |  1- 3 |  4- 6 |  7- 9 | 10-12 || total
-------------------------+-------+-------+-------+-------++-------
Melee: Unarmed           |   142 |   221 |   405 |   301 ||  1069
       Punch             |       |     2 |     1 |       ||     3
       Headbutt          |       |       |    15 |     3 ||    18
       Kick              |       |       |    11 |     5 ||    16
       Mace              |       |       |       |   358 ||   358
Throw: Tomahawk          |       |    12 |     3 |       ||    15
       Javelin           |       |       |     4 |       ||     4
 Cast: Blink             |       |       |     1 |     4 ||     5
Evoke: Wand              |       |       |     8 |    20 ||    28
  Use: Scroll            |       |       |    15 |     9 ||    24
       Potion            |       |       |     4 |     7 ||    11
 Stab: Sleeping          |     3 |     7 |     7 |     3 ||    20
       Distracted        |       |       |     1 |       ||     1
  Eat: Chunk             |    18 |    17 |    50 |    45 ||   130
       Ration            |       |       |       |     2 ||     2
Armor: Robe              |    48 |    50 |   112 |       ||   210
       Steam dragon scal |       |       |       |   387 ||   387
Dodge: Dodged            |    69 |   101 |   143 |   301 ||   614
Block: Shield            |       |       |   104 |   676 ||   780
       Reflection        |       |       |     4 |    18 ||    22
       Large shield      |       |       |       |    20 ||    20
